 Dungeon Crawl Stone Soup version 0.28.0-45-g0d030f2227 (webtiles) character file.

Game seed: 7852571011980004527

16 101zpm the Skirmisher (level 2, -11/29 HPs)
             Began as an Ogre Chaos Knight on Apr 20, 2022.
             Was a Plaything of Xom.
             Mangled by a sun demon (17 damage)
             ... summoned by Xom
             ... on level 1 of the Dungeon.
             The game lasted 00:00:51 (588 turns).

101zpm the Skirmisher (Ogre Chaos Knight)            Turns: 588, Time: 00:00:53

Health: -11/29     AC:  5    Str: 13    XL:     2   Next: 54%
Magic:  2/2        EV:  9    Int: 13    God:    Xom [......]
Gold:   43         SH:  0    Dex:  8    Spells: 1/1 levels left

rFire   . . .      SeeInvis .   a - +0 hand axe (chaos)
rCold   . . .      Faith    .   (no shield)
rNeg    . . .      Spirit   .   b - +2 robe
rPois   .          Reflect  .   (helmet restricted)
rElec   .          Harm     .   (no cloak)
rCorr   .          Rampage  .   (gloves unavailable)
Will    .....                   (boots unavailable)
Stlth   +.........              (no amulet)
HPRegen 0.09/turn               (no ring)
MPRegen 0.08/turn               (no ring)

@: no status effects
A: large, unfitting armour, tough skin 1, frail 1, weak 1
a: Renounce Religion


You were on level 1 of the Dungeon.
You worshipped Xom.
You were a very special plaything of Xom.
You visited 1 branch of the dungeon, and saw 1 of its levels.

You collected 43 gold pieces.

Inventory:

Hand Weapons
 a - a +0 hand axe of chaos (weapon)
Armour
 b - a +2 robe (worn)
Scrolls
 c - a scroll of brand weapon {unknown}
 d - a scroll of amnesia {unknown}
Potions
 e - a potion of might {unknown}
 f - a potion of heal wounds {unknown}


   Skills:
 + Level 4.4 Fighting
 + Level 3.4 Axes
 + Level 2.2 Dodging


You had one spell level left.
You didn't know any spells.
Your spell library was empty.

Dungeon Overview and Level Annotations

Branches:
Dungeon (1/15)

Altars:


Innate Abilities, Weirdness & Mutations

You are too large for most types of armour.
You have tough skin. (AC +1)
You are frail. (-10% HP)
You are weak. (Str -2)


Message History

You kill the quokka!
No target in view!
No target in view!
No target in view!
No target in view!
No target in view!
No target in view!
No target in view!
No target in view!
No target in view!
Things that are here:
a +0 club; a goblin corpse
Found 16 stones. "Let me alter your body."
Your body is suffused with distortional energy.
You feel frail.
You feel weaker.
f - a bubbling amethyst potion You now have 31 gold pieces (gained 10).
Found an escape hatch in the floor.
There is an escape hatch in the floor here.
A rat comes into view.
A rat is nearby!
A rat is nearby!
You slash the rat!
You kill the rat!
No target in view!
No target in view!
No target in view!
No target in view!
No target in view!
You now have 43 gold pieces (gained 12). "Fight to survive, mortal."
There are monsters nearby!
You closely miss the sun demon. The sun demon hits you!!
Ouch! That really hurt!
* * * LOW HITPOINT WARNING * * *
You are engulfed in flames!
Ouch! That really hurt!
You die...
Xom chuckles heartily!

................# ##.##.#.#
....#########.### #...#.#.# #####
#.# ##....## # #.# #<..###. # #.#
###..# #. # #.# #.##.# #. # #.#
#.##.# #. # #.###########.##.# #.
# #..3@.5.......##.###. #
####..############......
##########..........†........####
.....>..##.#...#......#####.##
###..........#......#.# #.#
###.###.##.....#.)>.#.#####.#
.##.###.##(.##.#.†..#....##.#
.................#######....#
.##.###.##..#.##....#....####


You could see a sun demon (summoned) and a crimson imp (summoned).

Vanquished Creatures
  3 endoplasms (D:1)
  2 goblins (D:1)
  2 hobgoblins (D:1)
  A kobold (D:1)
  A quokka (D:1)
  2 ball pythons (D:1)
  A bat (D:1)
  A frilled lizard (D:1)
  A rat (D:1)
14 creatures vanquished.

Notes
Turn   | Place    | Note
-------+----------+-------------------------------------------
     0 | D:1      | 101zpm the Ogre Chaos Knight began the quest for the Orb.
     0 | D:1      | Reached XP level 1. HP: 24/24 MP: 1/1
    30 | D:1      | XOM: divination: magic mapping
   101 | D:1      | Reached XP level 2. HP: 29/32 MP: 2/2
   177 | D:1      | XOM: silly message
   340 | D:1      | Found a faded altar of an unknown god.
   455 | D:1      | XOM: give mutations
   455 | D:1      | Gained mutation: You are frail. (-10% HP) [Xom's mischief]
   455 | D:1      | Gained mutation: You are weak. (Str -2) [Xom's mischief]
   587 | D:1      | XOM: summons 2 hostile demons
   588 | D:1      | Noticed a crimson imp
   588 | D:1      | Noticed a sun demon
   588 | D:1      | Mangled by a sun demon

Illustrated notes

Levels and vault maps discovered:
D:1:      saegor_arrival_simple_a, layout_loops_ring,
          hellmonk_ecumenical_altar_heavens_door

Action                   || total
-------------------------++-------
Melee: Hand axe          ||    33
       Punch             ||     1
 Stab: Sleeping          ||     1
Armor: Robe              ||    15
Dodge: Dodged            ||    15
